 Dungeon Crawl Stone Soup version 0.17.1-3-g152610e (webtiles) character file.

6021 DanteCalvez the Jinx (level 10, -4/74 HPs)
             Began as a Vampire Enchanter on Apr 16, 2016.
             Was a Priest of Dithmenos.
             Slain by a killer bee (7 damage)
             ... on level 8 of the Dungeon.
             The game lasted 00:28:45 (8636 turns).

DanteCalvez the Jinx (Vampire Enchanter)            Turns: 8636, Time: 00:28:45

Health: -4/74      AC:  7    Str: 10    XL:     10   Next: 56%
Magic:  5/19       EV: 13    Int: 27    God:    Dithmenos [***...]
Gold:   425        SH:  5    Dex: 16    Spells: 3 memorised, 13 levels left

rFire  + + +     SeeInvis +     A - +2 short sword of Budisunn {freeze, *Rage rF+ Int+5}
rCold  + + .     Clarity  +     J - +1 robe {rF+}
rNeg   + + +     SustAt   .     j - +0 buckler
rPois  ∞         Gourm    .     l - +0 helmet
rElec  .         Spirit   .     t - +0 cloak
rCorr  .         Warding  .     o - +0 pair of gloves
rMut   .         Stasis   .     f - +0 pair of boots
MR     +....                    (no amulet)
Stlth  +++++++++.               E - +3 ring of intelligence
                                u - ring of protection from fire

@: bloodless, non-regenerating, wreathed by umbra, somewhat resistant to hostile
enchantments, incredibly stealthy
A: fangs 3, see invisible, clarity, poison resistance, strong 1, unbreathing
a: Bat Form, Shadow Step, Renounce Religion


You were on level 8 of the Dungeon.
You worshipped Dithmenos.
Dithmenos was most pleased with you.
You were bloodless.

You visited 2 branches of the dungeon, and saw 10 of its levels.

You collected 425 gold pieces.


Innate Abilities, Weirdness & Mutations

You do not heal naturally.
You are immune to poison.
You have razor-sharp teeth.
You have supernaturally acute eyesight.
You can survive without breathing.
You possess an exceptional clarity of mind.
Your system is resistant to poisons.
Your muscles are strong. (Str +2)


   Skills:
 + Level 5.4 Fighting
 + Level 4.1 Short Blades
 - Level 2.1 Dodging
 + Level 12.2 Stealth
 - Level 4.0 Shields
 - Level 6.4 Spellcasting
 + Level 13.1 Hexes


You had 13 spell levels left.
You knew the following spells:

 Your Spells              Type           Power        Failure   Level  Hunger
c - Confuse               Hex            ######..     1%          3    None
d - Dazzling Spray        Conj/Hex       #####...     1%          3    None
s - Ensorcelled Hibernat  Hex/Ice        #####.       1%          2    None

Inventory:

Hand Weapons
 A - the +2 short sword of Budisunn (weapon) {freeze, *Rage rF+ Int+5}

   It has been specially enchanted to freeze those struck by it, causing extra
   injury to most foes and up to half again as much damage against particularly
   susceptible opponents.
   It can also slow down cold-blooded creatures.
   It affects your intelligence (+5).
   It protects you from fire.
   It may make you go berserk in combat.
 L - a +2 rapier of piercing
 S - a +0 blowgun
Missiles
 e - 70 poisoned needles
 I - a throwing net {=f}
Armour
 f - a +0 pair of boots (worn)
 j - a +0 buckler (worn)
 l - a +0 helmet (worn)
 o - a +0 pair of gloves (worn)
 t - a +0 cloak (worn)
 J - a +1 robe of fire resistance (worn)
Jewellery
 a - an uncursed ring of wizardry
 u - a ring of protection from fire (left hand)
 E - a +3 ring of intelligence (right hand)
 R - an uncursed ring of fire
Wands
 k - a wand of frost (23)
 w - a wand of disintegration (6)
 C - a wand of teleportation (4) {!d@v4}
 D - a wand of invisibility (4)
Scrolls
 d - 6 scrolls of recharging
 h - 2 scrolls of fear
 n - 8 scrolls of teleportation {@r4}
 r - 7 scrolls of identify {@r1}
 s - 8 scrolls of remove curse
 v - a scroll of acquirement {unknown}
 B - a scroll of enchant armour
 H - a scroll of amnesia
 M - a scroll of magic mapping
Potions
 b - a potion of cure mutation {unknown}
 g - 2 potions of flight {unknown}
 i - a potion of haste {@q3}
 m - 6 potions of curing {@q1}
 p - 3 potions of agility
 q - 15 potions of blood {@q4}
 x - 4 potions of might
 O - a potion of heal wounds {@q2}
Books
 c - a book of Maledictions

   Spells                             Type                      Level
   a - Corona                         Hexes                        1
   b - Ensorcelled Hibernation        Hexes/Ice                    2
   c - Confuse                        Hexes                        3
   d - Tukima's Dance                 Hexes                        3
   e - Dazzling Spray                 Conjuration/Hexes            3
 F - a book of Fire

   Spells                             Type                      Level
   a - Ignite Poison                  Fire/Transmutation/Poison    3
   b - Fireball                       Conjuration/Fire             5
   c - Bolt of Fire                   Conjuration/Fire             6
   d - Delayed Fireball               Conjuration/Fire             7
   e - Ring of Flames                 Charms/Fire                  7
   Dithmenos disapproves of the use of such an item.
 N - a Grand Grimoire

   Spells                             Type                      Level
   a - Monstrous Menagerie            Summoning                    6
   b - Summon Greater Demon           Summoning                    7
   c - Malign Gateway                 Summoning/Translocation      7
   d - Summon Horrible Things         Summoning                    8

Dungeon Overview and Level Annotations

Branches:
Dungeon (9/15)             Temple (1/1) D:5            Lair (0/8) D:9
    Orc (0/4) D:9

Altars:
Ashenzari
Cheibriados
Dithmenos
Elyvilon
Fedhas
Gozag
Kikubaaqudgha
Makhleb
Nemelex Xobeh
Okawaru
Qazlal
Ru
Sif Muna
Trog
Vehumet
Xom
Yredelemnul
Zin
The Shining One

Shops:
D:9

% ##.# #........##....# ###.###
#.# ##..####.......## ##.## #.#
#..# ##.(.....## #... #.# #..#
##.......## ##.. ##.# #..#
##.......####.. ###..######..#
#....#...##... .##..........#
##...........#
......##.....#########.!.........
#...######......Vy...............
##...# ##...####...............
##..## #..## ##..............
###.## #.## #.............. ##.##
#..## ##...>.......... ###
##.###...####............... ..##
#.........>................ ...##
##....#######J.............
....####...## #..............


You could see a killer bee.


Message History

You feel less resistant to fire.
You feel stupid.
The killer bee buzzes angrily.
The killer bee barely misses you. Dithmenos accepts your kill.
You feel a bit more experienced. The killer bee completely misses you.
Something misses the killer bee.
A killer bee comes into view.
The killer bee misses you. The killer bee completely misses you.
The killer bee barely misses you.
An orc comes into view.
The orc shouts!
The killer bee closely misses you. Dithmenos accepts your kill.
You feel a bit more experienced. The killer bee stings you.
* * * LOW HITPOINT WARNING * * *
There is an escape hatch in the ceiling here.
The killer bee stings you!
* * * LOW HITPOINT WARNING * * *
The killer bee completely misses you. The killer bee stings you.
* * * LOW HITPOINT WARNING * * *
A mysterious force pulls you upwards. The hatch slams shut behind you.
A jelly comes into view.
Use which ability? (? or * to list)
Your transformation has ended.
It glows with a cold blue light!
You feel resistant to fire.
You feel clever. The killer bee stings you!
You die...

Action                   |  1- 3 |  4- 6 |  7- 9 | 10-12 || total
-------------------------+-------+-------+-------+-------++-------
Melee: Dagger            |   103 |   146 |    10 |       ||   259
       Short sword       |       |       |   306 |   168 ||   474
 Cast: Corona            |     1 |       |       |       ||     1
       Ensorcelled Hiber |    11 |    32 |    58 |    45 ||   146
       Confuse           |       |     4 |    19 |    16 ||    39
 Abil: End Transformatio |       |     2 |       |     2 ||     4
       Bat Form          |       |     2 |       |     2 ||     4
  Use: Potion            |       |       |    10 |       ||    10
       Scroll            |       |       |    13 |       ||    13
 Stab: Sleeping          |    18 |    25 |    72 |    27 ||   142
       Distracted        |       |     1 |     1 |     1 ||     3
       Confused          |       |     2 |    16 |    13 ||    31

Vault maps used:
D:1:      scummos_arrival_simple_crosswalls
D:2:      hangedman_decor_points
D:3:      kennysheep_generic_room_13
D:4:      first_bread, elyvilon_altar_4, uniq_robin, uniq_grinder, uniq_edmund,
          uniq_menkaure
D:5:      minmay_temple_entry_statues_fountains
D:6:      cheibriados_altar_1
D:7:      kennysheep_kobold_camp
D:8:      uniq_erica
D:9:      corexii_shack_village, dpeg_oklobed_lair, minmay_orc_entry_guard_dogs,
          serial_shops, shop, david_nohive_1
Temple:   dpeg_three_leaves_temple_18

Notes
Turn   | Place    | Note
--------------------------------------------------------------
     0 | D:1      | DanteCalvez the Vampire Enchanter began the quest for the Orb.
     0 | D:1      | Reached XP level 1. HP: 13/13 MP: 3/3
    58 | D:1      | Reached XP level 2. HP: 14/19 MP: 5/5
    78 | D:1      | Learned a level 2 spell: Ensorcelled Hibernation
   198 | D:1      | Reached skill level 5 in Stealth
   247 | D:1      | Reached skill level 5 in Hexes
   303 | D:1      | Reached XP level 3. HP: 24/24 MP: 6/6
   845 | D:2      | Reached XP level 4. HP: 30/30 MP: 8/8
   864 | D:2      | Learned a level 3 spell: Confuse
  1207 | D:3      | Reached skill level 6 in Stealth
  1207 | D:3      | Reached skill level 3 in Spellcasting
  1283 | D:3      | Reached skill level 6 in Hexes
  1373 | D:3      | Reached XP level 5. HP: 33/35 MP: 6/9
  2239 | D:4      | Noticed Menkaure
  2244 | D:4      | Killed Menkaure
  2244 | D:4      | Reached skill level 7 in Stealth
  2244 | D:4      | Reached skill level 7 in Hexes
  2244 | D:4      | Reached XP level 6. HP: 30/41 MP: 11/11
  2262 | D:4      | Reached skill level 4 in Spellcasting
  2266 | D:4      | Noticed pupkin's ghost (weakling DEWz)
  2353 | D:4      | Killed pupkin's ghost
  2369 | D:4      | Noticed Robin
  2432 | D:4      | Noticed Edmund
  2447 | D:4      | Learned a level 3 spell: Dazzling Spray
  2458 | D:4      | Killed Edmund
  2458 | D:4      | Reached XP level 7. HP: 46/46 MP: 9/13
  2556 | D:4      | Noticed a phantom
  2578 | D:4      | Killed a phantom
  2578 | D:4      | Reached skill level 8 in Stealth
  2578 | D:4      | Reached skill level 8 in Hexes
  2619 | D:4      | Got a slimy short sword
  2620 | D:4      | Identified the +2 short sword of Budisunn {freeze, *Rage rF+ Int+5} (You found it on level 4 of the Dungeon)
  2671 | D:4      | Identified a wand of teleportation
  2726 | D:4      | Killed Robin
  2728 | D:4      | Found a white marble altar of Elyvilon.
  2758 | D:4      | Noticed Grinder
  2761 | D:4      | Paralysed by Grinder for 3 turns
  2780 | D:4      | Killed Grinder
  2780 | D:4      | Reached skill level 9 in Stealth
  2780 | D:4      | Reached skill level 5 in Spellcasting
  3117 | D:5      | Entered Level 5 of the Dungeon
  3226 | D:5      | Found a staircase to the Ecumenical Temple.
  3240 | D:5      | Reached skill level 9 in Hexes
  3240 | D:5      | Reached XP level 8. HP: 23/52 MP: 5/15
  3563 | Temple   | Entered the Ecumenical Temple
  3647 | Temple   | Became a worshipper of Dithmenos the Shadowed
  4149 | D:5      | Reached skill level 10 in Stealth
  4695 | D:6      | Found a snail-covered altar of Cheibriados.
  4708 | D:6      | Reached skill level 6 in Spellcasting
  4708 | D:6      | Reached skill level 10 in Hexes
  4720 | D:6      | Reached * piety under Dithmenos
  5039 | D:6      | Reached skill level 11 in Stealth
  5059 | D:6      | Reached XP level 9. HP: 56/58 MP: 13/18
  5300 | D:7      | Reached skill level 1 in Fighting
  5300 | D:7      | Reached skill level 1 in Shields
  5881 | D:7      | Reached skill level 2 in Fighting
  5881 | D:7      | Reached skill level 11 in Hexes
  6273 | D:7      | Gained mutation: Your system is resistant to poisons. [potion of mutation]
  6273 | D:7      | Gained mutation: You possess an exceptional clarity of mind. [potion of mutation]
  6275 | D:7      | Gained mutation: Your muscles are strong. (Str +2) [potion of beneficial mutation]
  6276 | D:7      | Identified a potion of resistance
  6393 | D:8      | Reached skill level 2 in Shields
  6431 | D:8      | Reached ** piety under Dithmenos
  6705 | D:8      | Noticed Erica
  6729 | D:8      | Reached skill level 3 in Fighting
  6746 | D:8      | Killed Erica
  6746 | D:8      | Reached skill level 4 in Fighting
  6746 | D:8      | Reached skill level 3 in Shields
  6746 | D:8      | Reached skill level 12 in Hexes
  7369 | D:9      | Reached skill level 4 in Shields
  7396 | D:9      | Reached XP level 10. HP: 56/73 MP: 6/19
  7478 | D:9      | Found a staircase to the Lair.
  7573 | D:9      | Reached skill level 2 in Short Blades
  7593 | D:9      | Found a staircase to the Orcish Mines.
  7916 | D:9      | Reached *** piety under Dithmenos
  8066 | D:9      | Reached skill level 3 in Short Blades
  8094 | D:9      | Reached skill level 5 in Fighting
  8297 | D:9      | Found Riudix's Food Boutique.
  8486 | D:9      | Reached skill level 12 in Stealth
  8596 | D:9      | Reached skill level 4 in Short Blades
  8596 | D:9      | Reached skill level 13 in Hexes
  8632 | D:9      | HP: 7/74 [killer bee (10)]
  8632 | D:9      | HP: 3/74 [killer bee (4)]
  8636 | D:8      | Slain by a killer bee

Vanquished Creatures
  Erica (D:8)
  Grinder (D:4)
  A deep elf mage (D:9)
  Menkaure (D:4)
  A hippogriff (D:7)
  Edmund (D:4)
  4 wargs (D:9)
  2 ice beasts (D:9)
  A phantom (D:4)
  A black bear (D:9)
  5 ogres
  3 orc warriors
  4 centaurs
  A necrophage (D:8)
  3 big kobolds
  5 giant frogs
  A scorpion (D:9)
  13 killer bees (D:9)
  4 wights (D:9)
  A giant frog zombie (D:5)
  5 orc priests
  2 crimson imps
  3 jellies
  7 orc wizards
  A centaur zombie (D:7)
  6 hounds
  2 giant frog skeletons
  A gnoll shaman (D:5)
  2 iguanas (D:4)
  3 worker ants
  A hound zombie (D:5)
  The ghost of pupkin the Magician, a weakling DEWz (D:4)
  2 hound skeletons
  6 gnolls (D:5)
  Robin (D:4)
  7 adders
  2 shadow imps
  4 oozes
  A worm (D:3)
  An adder zombie (D:6)
  2 adder skeletons
  39 orcs
  2 ball pythons
  9 giant cockroaches
  19 goblins
  11 hobgoblins
  10 jackals
  4 quokkas
  8 bats
  8 giant geckos
  2 giant gecko skeletons
  A giant gecko zombie (D:6)
  7 giant newts
  42 kobolds
  A quokka zombie (D:6)
  4 rats
  A plant (D:7)
282 creatures vanquished.

Vanquished Creatures (collateral kills)
  A queen bee (D:9)
  A killer bee (D:9)
2 creatures vanquished.

Vanquished Creatures (others)
  5 fungi (D:9)
  3 plants
8 creatures vanquished.

Grand Total: 292 creatures vanquished
